 Dungeon Crawl Stone Soup version 0.29-a0-419-g77450f2105 (webtiles) character file.

Game seed: 6956342826410836344

51 KhasaRR the Slinger (level 3, -1/26 HPs)
             Began as a Gnoll Wanderer on May 18, 2022.
             Succumbed to an adder's poison
             ... on level 2 of the Dungeon.
             The game lasted 00:05:41 (1752 turns).

KhasaRR the Slinger (Gnoll Wanderer)                Turns: 1752, Time: 00:05:43

Health: -1/26      AC:  9    Str: 11    XL:     3   Next: 81%
Magic:  4/4        EV:  6    Int: 10    God:
Gold:   94         SH:  5    Dex: 14    Spells: 4/4 levels left

rFire   . . .      SeeInvis .   a - +2 hunting sling
rCold   . . .      Faith    .   (no shield)
rNeg    . . .      Spirit   .   r - +0 chain mail
rPois   .          Reflect  +   (no helmet)
rElec   .          Harm     .   (no cloak)
rCorr   .          Rampage  .   (no gloves)
Will    +....                   (no boots)
Stlth   ..........              o - amulet of reflection
HPRegen 0.08/turn               k - ring of willpower
MPRegen 0.09/turn               (no ring)

@: mighty, lethally poisoned (-1 -> -10)
A: fangs 1, strong nose, distributed training
a: no special abilities


You were on level 2 of the Dungeon.
You visited 1 branch of the dungeon, and saw 2 of its levels.

You collected 94 gold pieces.

Inventory:

Hand Weapons
 a - a +2 hunting sling (weapon)
 b - a +0 shortbow
 g - a +2 whip of holy wrath
Missiles
 h - 67 stones
Armour
 c - a +0 ring mail
 r - a +0 chain mail (worn)
Jewellery
 i - a ring of fire
 k - a ring of willpower (left hand)
 o - an amulet of reflection (around neck)
Scrolls
 f - a scroll of immolation {unknown}
 j - a scroll of teleportation {unknown}
 n - a scroll of enchant armour
 q - a scroll of magic mapping {unknown}
Potions
 d - a potion of invisibility
 e - a potion of haste {unknown}
 l - a potion of mutation {unknown}
 m - a potion of curing {unknown}


   Skills:
 + Level 1.0 Fighting
 + Level 1.0 Short Blades
 + Level 1.0 Long Blades
 + Level 1.0 Axes
 + Level 1.0 Maces & Flails
 + Level 1.0 Polearms
 + Level 1.0 Staves
 + Level 8.5 Slings
 + Level 4.6 Bows
 + Level 1.0 Crossbows
 + Level 1.0 Throwing
 + Level 4.6 Armour
 + Level 2.6 Dodging
 + Level 1.0 Stealth
 + Level 1.0 Shields
 + Level 1.0 Unarmed Combat
 + Level 1.0 Spellcasting
 + Level 0.7 Conjurations
 + Level 0.7 Hexes
 + Level 0.7 Summonings
 + Level 0.7 Necromancy
 + Level 0.7 Translocations
 + Level 0.7 Transmutations
 + Level 0.7 Fire Magic
 + Level 0.7 Ice Magic
 + Level 0.7 Air Magic
 + Level 0.7 Earth Magic
 + Level 0.7 Poison Magic
 + Level 1.0 Invocations
 + Level 2.6 Evocations


You had 4 spell levels left.
You didn't know any spells.
Your spell library contained the following spells:

 Spells                   Type           Power      Damage    Failure   Level
 Pain                     Necr           4%         1d4       100%        1
 Agony                    Necr           1%         N/A       100%        5
 Excruciating Wounds      Necr           0%         N/A       100%        5


Dungeon Overview and Level Annotations

Branches:
Dungeon (2/15)

Altars:


Innate Abilities, Weirdness & Mutations

You have very sharp teeth.
Your uncanny sense of smell can sniff out nearby items.
Your experience applies equally to all skills.


Message History

The sling bullet barely misses the adder.
You block the adder's attack. The adder barely misses you.
You block the adder's attack. The adder bites you but does no damage.
You shoot a sling bullet.
The sling bullet closely misses the adder.
The adder bites you.
You are poisoned.
The adder poisons you! You block the adder's attack.
The adder bites you but does no damage. You block the adder's attack.
The adder bites you but does no damage.
You feel very mighty all of a sudden.
You feel sick.
The adder bites you but does no damage. x2
You block the adder's attack.
Really attack while wielding your +2 hunting sling?
Okay, then.
You are too injured to fight recklessly!
Fire: a) +2 hunting sling
Press: ? - help, Q - select action, (/) - cycle Shift-Dir - straight line, f/p - adder
Aim: an adder (heavily wounded, 46% to hit)
You shoot a sling bullet.
The sling bullet closely misses the adder.
You feel sick. The adder bites you but does no damage. The adder bites you.
The adder bites you but does no damage. The adder barely misses you.
Fire: a) +2 hunting sling
Press: ? - help, Q - select action, (/) - cycle Shift-Dir - straight line, f/p - adder
Aim: an adder (heavily wounded, 46% to hit)
You shoot a sling bullet. The sling bullet hits the adder.
The adder is almost dead.
You feel sick. The adder bites you.
* * * LOW HITPOINT WARNING * * *
You are lethally poisoned!
The adder poisons you!
The adder bites you but does no damage. x2
The adder bites you.
* * * LOW HITPOINT WARNING * * *
Fire: a) +2 hunting sling
Press: ? - help, Q - select action, (/) - cycle Shift-Dir - straight line, f/p - adder
Aim: an adder (almost dead, 46% to hit)
You shoot a sling bullet.
The sling bullet closely misses the adder.
You die...

#.#.###......# #.#..#.### #..
#.#.# ##...#.#+#.#..#.### #..
..#.# #...+.#......### ∆#..
....####...####.#..#.## #..
.............###.#..#.## #..
....######.#.#.##.#..#.## #..
###.#...[..#.#..##.#..#.## #..
#.######.#.##..##.#..#.## #..
###'## #.#.#..@S##.#..#.## #..
..)..#####.#.#.##S.##.#..#.## #..
.......#.....# #....##.#..#.###..
.......#.#.#.#...##^.##.#..#.##..
.......#.#.#.#.###...###......#..
.............###..§###.#..#.#'#..
....####.#.#.#...###.#..#.###.#..
......##.#.#.#.###.#..#.###...#
......##.#.#.#'#.#..#.###.†..##..


You could see 2 adders.

Vanquished Creatures
  An adder (D:2)
  4 dart slugs
  2 bats
  4 endoplasms
  A giant cockroach (D:1)
  A goblin (D:2)
  2 hobgoblins
  2 jackals (D:1)
  2 kobolds (D:2)
  3 quokkas
  2 ball pythons (D:1)
  3 frilled lizards
  5 rats
32 creatures vanquished.

Notes
Turn   | Place    | Note
-------+----------+-------------------------------------------
     0 | D:1      | KhasaRR the Gnoll Wanderer began the quest for the Orb.
     0 | D:1      | KhasaRR set off with the following items: a +2 hunting
                  | sling, a +0 shortbow, a +0 ring mail, a potion of
                  | invisibility
     0 | D:1      | Reached XP level 1. HP: 13/13 MP: 1/1
    97 | D:1      | Reached XP level 2. HP: 14/19 MP: 2/2
   537 | D:1      | Reached XP level 3. HP: 25/25 MP: 3/3
  1192 | D:2      | Reached skill level 1 in Invocations
  1262 | D:2      | HP: 1/25 [frozen (4)]
  1745 | D:2      | Reached skill level 1 in Fighting
  1745 | D:2      | Reached skill level 1 in Short Blades
  1745 | D:2      | Reached skill level 1 in Long Blades
  1745 | D:2      | Reached skill level 1 in Axes
  1745 | D:2      | Reached skill level 1 in Maces & Flails
  1745 | D:2      | Reached skill level 1 in Polearms
  1745 | D:2      | Reached skill level 1 in Staves
  1745 | D:2      | Reached skill level 1 in Crossbows
  1745 | D:2      | Reached skill level 1 in Throwing
  1745 | D:2      | Reached skill level 1 in Stealth
  1745 | D:2      | Reached skill level 1 in Shields
  1745 | D:2      | Reached skill level 1 in Unarmed Combat
  1745 | D:2      | Reached skill level 1 in Spellcasting
  1752 | D:2      | Succumbed to an adder's poison

Illustrated notes

Levels and vault maps discovered:
D:1:      wander_arrival_chamber, layout_basic
D:2:      minmay_razor_zed, layout_basic, minmay_randomly_rotated_circles

Skill      XL: |  1  2  3 |
---------------+----------+-----
Invocations    | 1 |  1.0
Fighting       | 1 |  1.0
Short Blades   | 1 |  1.0
Long Blades    | 1 |  1.0
Axes           | 1 |  1.0
Maces & Flails | 1 |  1.0
Polearms       | 1 |  1.0
Staves         | 1 |  1.0
Crossbows      | 1 |  1.0
Throwing       | 1 |  1.0
Stealth        | 1 |  1.0
Shields        | 1 |  1.0
Unarmed Combat | 1 |  1.0
Spellcasting   | 1 |  1.0
Slings         | |  8.5
Bows           | |  4.6
Armour         | |  4.6
Dodging        | |  2.6
Conjurations   | |  0.7
Hexes          | |  0.7
Summonings     | |  0.7
Necromancy     | |  0.7
Translocations | |  0.7
Transmutations | |  0.7
Fire Magic     | |  0.7
Ice Magic      | |  0.7
Air Magic      | |  0.7
Earth Magic    | |  0.7
Poison Magic   | |  0.7
Evocations     | |  2.6

Action                   || total
-------------------------++-------
 Fire: Hunting sling     ||   112
  Use: Scroll            ||     2
       Potion            ||     1
Armor: Ring mail         ||     8
       Chain mail        ||    32
Dodge: Dodged            ||    36
Block: Other             ||    11
       Reflection        ||     1

Table legend: (Time is in decaauts)
 A = Elapsed time spent in this place.
 B = Non-inter-level travel time spent in this place.
 C = Inter-level travel time spent in this place.
 D = Time resting spent in this place.
 E = Time spent auto-exploring this place.
 F = Levels seen in this place.
 G = Mean time per level.
                   A        B        C        D        E       F      G
               +--------+--------+--------+--------+--------+-----+--------+
         Total |   1787 |   1697 |     90 |    395 |   1004 |   2 |  893.5 |
       Dungeon |   1787 |   1697 |     90 |    395 |   1004 |   2 |  893.5 |
               +--------+--------+--------+--------+--------+-----+--------+

Top non-repeatable levels by time:
     D:2: 973 daAuts
     D:1: 813 daAuts
